 Dungeon Crawl Stone Soup version 0.26-a0-466-g989023bd0d (webtiles) character file.

Game seed: 11591993536237079059

30 gruber the Sneak (level 3, -2/29 HPs)
             Began as a Demonspawn Delver on Aug 4, 2020.
             Slain by an iguana (9 damage)
             ... on level 4 of the Dungeon.
             The game lasted 00:01:16 (869 turns).

gruber the Sneak (Demonspawn Delver)                 Turns: 869, Time: 00:01:17

Health: -2/29      AC:  3    Str: 13    XL:     3   Next: 5%
Magic:  3/3        EV: 12    Int: 11    God:
Gold:   66         SH:  0    Dex: 14    Spells: 2/2 levels left

rFire    . . .     SeeInvis .   a - +0 falchion
rCold    + . .     Faith    .   (no shield)
rNeg     . . .     Spirit   .   b - +0 leather armour
rPois    .         Reflect  .   (no helmet)
rElec    .         Harm     .   (no cloak)
rCorr    .                      (no gloves)
MR       .....                  (no boots)
Stlth    ++........             (no amulet)
HPRegen  0.09/turn              (no ring)
MPRegen  0.08/turn              (no ring)

@: no status effects
A: cold resistance 1
a: no special abilities


You were on level 4 of the Dungeon.
You visited 1 branch of the dungeon, and saw 2 of its levels.

You collected 66 gold pieces.

Inventory:

Hand Weapons
 a - a +0 falchion (weapon)
Armour
 b - a +0 leather armour (worn)
Wands
 g - a wand of digging (3)
Scrolls
 c - a scroll of fog
 d - a scroll of magic mapping
 e - a scroll of fear
 h - 2 scrolls of identify {unknown}
 i - 2 scrolls of remove curse {unknown}
 k - 2 scrolls of enchant weapon {unknown}
Potions
 f - 2 potions of haste
 j - 2 potions of curing {unknown}


   Skills:
 - Level 3.0 Fighting
 + Level 3.2 Long Blades
 - Level 1.7 Dodging
 - Level 4.5 Stealth


You had 2 spell levels left.
You didn't know any spells.
Your spell library was empty.

Dungeon Overview and Level Annotations

Branches:
Dungeon (5/15)
 Temple: D:4-7

Altars:
Uskayaw


Innate Abilities, Weirdness & Mutations

Your flesh is cold resistant. (rC+)


Message History

You are too injured to fight recklessly!
You are too injured to fight recklessly!
You are too injured to fight recklessly!
You are too injured to fight recklessly!
You are too injured to fight recklessly!
You are too injured to fight recklessly!
You are too injured to fight recklessly!
You are too injured to fight recklessly!
Firing (i - inventory) No suitable missiles.
Press: ? - help, Shift-Dir - straight line, f - iguana
Aim: an iguana (heavily wounded)
Okay, then.
Unknown command.
Evoke which item? (* to show all) (? for menu, Esc to quit)
Evoke which item? (* to show all) (? for menu, Esc to quit)
Okay, then.
You hit the iguana but do no damage.
The iguana is heavily wounded.
The iguana bites you!
You die...

###.# #.#
#.# #.##
#..# #.?##
#...# .
#.#.####....
#...@.......
####l##.....
#.. #.. ##.#
.# .. #.. ..


You could see an iguana.

Vanquished Creatures
  A hound zombie (D:5)
  An adder (D:5)
  An orc (D:5)
  A goblin (D:5)
  A quokka (D:4)
  A frilled lizard (D:5)
  A leopard gecko skeleton (D:5)
7 creatures vanquished.

Notes
Turn   | Place    | Note
-------+----------+-------------------------------------------
     0 | D:5      | gruber the Demonspawn Delver began the quest for the Orb.
     0 | D:5      | Reached XP level 1. HP: 18/18 MP: 1/1
    38 | D:5      | Gained mutation: Your flesh is cold resistant. (rC+)
                  | [demonic ancestry]
    38 | D:5      | Reached XP level 2. HP: 11/24 MP: 2/2
   351 | D:5      | Noticed a scorpion
   403 | D:5      | Found a hide-covered altar of Uskayaw.
   590 | D:5      | Reached XP level 3. HP: 22/29 MP: 3/3
   869 | D:4      | Slain by an iguana

Illustrated notes

Levels and vault maps discovered:
D:4:      layout_basic, lemuel_coloured_pillars_altar, uniq_menkaure
D:5:      layout_basic, lemuel_doored_altar, eat_drink_and_be_merry_uskayaw,
          kennysheep_nondescript, corexii_shack, chequers_serial_rivers_room_a,
          dk_vineyard_3, grunt_ministairs_11

Skill      XL: |  1  2 |
---------------+-------+-----
Long Blades    | 2 3 |  3.2
Fighting       | |  3.0
Dodging        | |  1.7
Stealth        | |  4.5

Action                   || total
-------------------------++-------
Melee: Falchion          ||    40
Armor: Leather armour    ||     7
Dodge: Dodged            ||    24
       Rpst.: Falchion   ||    10

Table legend: (Time is in decaauts)
 A = Elapsed time spent in this place.
 B = Non-inter-level travel time spent in this place.
 C = Inter-level travel time spent in this place.
 D = Time resting spent in this place.
 E = Time spent auto-exploring this place.
 F = Levels seen in this place.
 G = Mean time per level.
                   A        B        C        D        E       F      G
               +--------+--------+--------+--------+--------+-----+--------+
         Total |    879 |    851 |     28 |    259 |    425 |   2 |  439.5 |
       Dungeon |    879 |    851 |     28 |    259 |    425 |   2 |  439.5 |
               +--------+--------+--------+--------+--------+-----+--------+

Top non-repeatable levels by time:
     D:5: 813 daAuts
     D:4: 66 daAuts
